 Dungeon Crawl Stone Soup version 0.19.1 (webtiles) character file.

171 Drunkenshrew the Skirmisher (level 5, -3/48 HPs)
             Began as a Minotaur Berserker on Dec 12, 2016.
             Was a Believer of Trog.
             Slain by an orc priest
             ... wielding a +0 flail
              (5 damage)
             ... on level 3 of the Dungeon.
             The game lasted 00:04:23 (1437 turns).

Drunkenshrew the Skirmisher (Minotaur Berserker)    Turns: 1437, Time: 00:04:23

Health: -3/48      AC:  7    Str: 22    XL:     5   Next: 26%
Magic:  4/4        EV: 12    Int:  4    God:    Trog [**....]
Gold:   152        SH:  0    Dex: 10    Spells: 0 memorised, 4 levels left

rFire  . . .     SeeInvis .     a - +0 hand axe
rCold  . . .     Gourm    .     y - +0 ring mail
rNeg   . . .     Faith    +     (no shield)
rPois  .         Spirit   .     (helmet restricted)
rElec  .         Reflect  .     (no cloak)
rCorr  .         Harm     .     s - +0 pair of gloves
MR     .....                    (no boots)
Stlth  ..........               e - amulet of faith
                                (no ring)
                                (no ring)

@: exhausted, slowed, very slow
A: retaliatory headbutt, horns 2
a: Berserk, Trog's Hand, Burn Spellbooks, Renounce Religion


You were on level 3 of the Dungeon.
You worshipped Trog.
Trog was pleased with you.
You were hungry.

You visited 1 branch of the dungeon, and saw 3 of its levels.

You collected 152 gold pieces.

Inventory:

Hand Weapons
 a - a +0 hand axe (weapon)
Armour
 k - a +0 plate armour
 s - a +0 pair of gloves (worn)
 x - a +0 buckler
 y - a +0 ring mail (worn)
Jewellery
 e - an amulet of faith (around neck)
Wands
 v - a wand of hasting (4/9)
Scrolls
 d - 3 scrolls of identify {unknown}
 g - 3 scrolls of remove curse {unknown}
 l - a scroll of teleportation {unknown}
 m - a scroll of fear {unknown}
 p - a scroll of magic mapping {unknown}
 q - a scroll of noise {unknown}
 t - a scroll of enchant weapon {unknown}
 u - a scroll of recharging {unknown}
Potions
 h - a potion of brilliance {unknown}
 j - a potion of mutation {unknown}
 o - 2 potions of curing {unknown}
 w - a potion of lignification {unknown}
 z - a potion of might {unknown}
Comestibles
 c - a bread ration
 f - a slice of pizza
 i - a meat ration
 n - a beef jerky


   Skills:
 + Level 5.4 Fighting
 + Level 4.2 Axes
 + Level 3.8 Armour
 - Level 3.1 Dodging
 + Level 1.0 Shields


You had 4 spell levels left.
You didn't know any spells.

Dungeon Overview and Level Annotations

Branches:
Dungeon (3/15)

Altars:


Innate Abilities, Weirdness & Mutations

You reflexively headbutt those who attack you in melee.
You have a pair of horns on your head.


Message History

Trog accepts your kill.
The orc priest mumbles some strange prayers to Beogh against you.
Pain shoots through your body!
* * * LOW HITPOINT WARNING * * *
The orc priest hits you with a flail.
* * * LOW HITPOINT WARNING * * *
Items here: ))) [[ † You hit the orc priest.
The orc priest is lightly wounded.
The orc priest hits you but does no damage.
The orc priest hits you with a flail!
* * * LOW HITPOINT WARNING * * *
You hit the orc priest. You headbutt the orc priest.
The orc priest is severely wounded.
The orc priest hits you with a flail.
* * * LOW HITPOINT WARNING * * *
You hit the orc priest.
The orc priest is almost dead.
The orc priest hits you with a flail.
You die...

#.....#.####.####.#
#.#+#.............#
#..#####.######
#.............+
#........######
#.............#
#..##########.#
#.###########.# #.#
#...((@o(...#.# #.#
###########.#.# #.#
#.# #.# #.# #.# #.#
#.# #.# #.# #.#
#.#### #.# #....#
###############.#


You could see an orc priest.

Vanquished Creatures
  Natasha (twice) (D:3)
  An orc wizard (D:3)
  4 adders
  An ooze (D:1)
  A dart slug (D:2)
  3 leopard geckos
  5 orcs
  3 giant cockroaches
  7 goblins
  5 hobgoblins
  5 bats
  2 frilled lizards
  7 kobolds
  3 rats (D:2)
49 creatures vanquished.

Notes
Turn   | Place    | Note
-------+----------+-------------------------------------------
     0 | D:1      | Drunkenshrew the Minotaur Berserker began the quest for the Orb.
     0 | D:1      | Reached XP level 1. HP: 19/19 MP: 0/0
    11 | D:1      | Reached skill level 4 in Fighting
    80 | D:1      | Reached XP level 2. HP: 15/27 MP: 1/1
   665 | D:2      | Reached XP level 3. HP: 26/34 MP: 2/2
   754 | D:2      | Reached ** piety under Trog
  1006 | D:2      | Reached skill level 5 in Fighting
  1006 | D:2      | Reached XP level 4. HP: 41/42 MP: 3/3
  1182 | D:3      | Noticed Natasha
  1189 | D:3      | Killed Natasha
  1214 | D:3      | Noticed Natasha
  1220 | D:3      | Killed Natasha
  1418 | D:3      | Reached XP level 5. HP: 48/48 MP: 4/4
  1426 | D:3      | Reached skill level 1 in Shields
  1436 | D:3      | HP: 2/48 [orc priest/flail (1)]
  1437 | D:3      | Slain by an orc priest

Skill      XL: |  1  2  3  4  5 |
---------------+----------------+-----
Fighting       | 4 5 |  5.4
Armour         | 3 |  3.8
Axes           | 4 |  4.2
Dodging        | 3 |  3.1
Shields        | 1 |  1.0

Action                   |  1- 3 |  4- 6 || total
-------------------------+-------+-------++-------
Melee: Hand axe          |    56 |    32 ||    88
       Headbutt          |     7 |     4 ||    11
Invok: Berserk           |     1 |     2 ||     3
  Eat: Chunk             |     1 |     3 ||     4
Armor: Animal skin       |     7 |     7 ||    14
       Ring mail         |       |     6 ||     6
Dodge: Dodged            |    39 |    28 ||    67
